 Dungeon Crawl Stone Soup version 0.30.0-19-g36f170ea60 (webtiles) character file.

Game seed: 12316141852757883970

9118 cheesebisquit the Geomancer (level 11, -4/67 HPs)
             Began as a Gargoyle Earth Elementalist on June 1, 2023.
             Was a Priest of Vehumet.
             Slain by a centaur
             ... wielding a +0 trident
              (9 damage)
             ... on level 11 of the Dungeon.
             The game lasted 00:37:46 (12339 turns).

cheesebisquit the Geomancer (GrEE)                 Turns: 12339, Time: 00:37:47

Health: -4/67      AC: 11    Str: 12    XL:     11   Next: 41%
Magic:  12/14      EV: 13    Int: 24    God:    Vehumet [***...]
Gold:   59         SH:  0    Dex: 10    Spells: 10/14 levels left

rFire   . . .        B - +4 broad axe of Dishonesty {protect, Contam +Blink Will+ Int+4}
rCold   . . .        (no shield)
rNeg    + + .        a - +0 robe
rPois   ∞            U - +0 helmet
rElec   +            s - +0 cloak
rCorr   .            E - +1 pair of gloves of Muleoschu {rPois}
SInv    .            e - +0 pair of boots
Will    +....        (no amulet)
Stlth   ++           m - ring of positive energy
HPRegen 0.31/turn    (no ring)
MPRegen 0.14/turn

%: no passive effects
@: about to teleport, corroded
A: sickness immunity, AC +8, negative energy resistance 1, electricity
resistance, torment resistance 1, petrification resistance
a: Renounce Religion, Evoke Blink


You were on level 11 of the Dungeon.
You worshipped Vehumet.
Vehumet was most pleased with you.
You visited 2 branches of the dungeon, and saw 12 of its levels.

You collected 719 gold pieces.
You spent 660 gold pieces at shops.

Inventory:

Hand Weapons
 h - a +3 hand axe of freezing
 k - a +0 morningstar of draining
 B - the +4 broad axe of Dishonesty (weapon) {protect, Contam +Blink Will+ Int+4}
   (You bought it in a shop on level 10 of the Dungeon)

   Int:       It affects your intelligence (+4).
   +Blink:    It lets you blink.
   Contam:    It causes magical contamination when unequipped.
   Will:      It increases your willpower.
 M - a +0 dagger of venom
 S - a +0 shortbow of electrocution
 V - a +2 mace of draining
Missiles
 j - 10 boomerangs
 H - a throwing net
 I - 15 poisoned darts
 K - a curare-tipped dart
 T - 2 javelins
Armour
 a - a +0 robe (worn)
 e - a +0 pair of boots (worn)
 s - a +0 cloak (worn)
 E - the +1 pair of gloves of Muleoschu (worn) {rPois}
   (You found it on level 5 of the Dungeon)

   rPois:     It protects you from poison.
 U - a +0 helmet (worn)
Jewellery
 b - a ring of ice
 m - a ring of positive energy (left hand)
Wands
 p - a wand of mindburst (13)
 t - a wand of iceblast (5)
 v - a wand of quicksilver (22)
 A - a wand of flame (5)
 N - a wand of paralysis (7)
 O - a wand of polymorph (12)
Scrolls
 c - a scroll of fog
 d - 5 scrolls of teleportation
 g - 2 scrolls of immolation {unknown}
 o - 5 scrolls of poison
 q - 3 scrolls of enchant armour {unknown}
 u - a scroll of magic mapping {unknown}
 x - a scroll of blinking {unknown}
 y - a scroll of noise
 z - 2 scrolls of amnesia {unknown}
 F - a scroll of butterflies {unknown}
 P - a scroll of brand weapon {unknown}
Potions
 f - 4 potions of attraction
 i - 2 potions of might
 n - 3 potions of lignification
 w - 6 potions of degeneration
 C - 2 potions of mutation
 D - 2 potions of flight
 G - a potion of cancellation {unknown}
 Q - a potion of ambrosia {unknown}
 R - a potion of magic


   Skills:
 + Level 7.3 Fighting
 - Level 2.0 Short Blades
 + Level 2.4(2.7) Axes
 - Level 1.6(2.4) Maces & Flails
 - Level 2.0 Throwing
 - Level 2.0 Armour
 + Level 5.8 Dodging
 - Level 3.0 Stealth
 - Level 2.0 Spellcasting
 - Level 5.0 Conjurations
 - Level 0.7 Transmutations
 + Level 14.9 Earth Magic
 - Level 2.0 Evocations


You had 10 spell levels left.
You knew the following spells:

 Your Spells              Type           Power      Damage    Failure   Level
a - Sandblast             Erth           100%       2d20      1%          1
b - Stone Arrow           Conj/Erth      100%       3d13      1%          3

Your spell library contained the following spells:

 Spells                   Type           Power      Damage    Failure   Level
 Mephitic Cloud           Conj/Pois/Air  10%        N/A       5%          3
 Passwall                 Tmut/Erth      33%        N/A       1%          2
 Petrify                  Tmut/Erth      40%        N/A       4%          4
 Slow                     Hex            8%         N/A       12%         1
 Confusing Touch          Hex            2%         N/A       34%         3
 Vampiric Draining        Necr           2%         2d6       34%         3


Dungeon Overview and Level Annotations

Branches:
Dungeon (11/15)            Temple (1/1) D:5            Lair (0/5) D:10
    Orc (0/2) D:10

Altars:
Ashenzari
Cheibriados
Dithmenos
Elyvilon
Fedhas
Gozag
Hepliaklqana
Kikubaaqudgha
Makhleb
Nemelex Xobeh
Okawaru
Qazlal
Ru
Sif Muna
Trog
Uskayaw
Vehumet
Wu Jian
Xom
Yredelemnul
Zin
The Shining One

Shops:
D:7 *   D:10 ((:(

Annotations:
D:5 Edmund


Innate Abilities, Weirdness & Mutations

You are immune to sickness and miasma.
Your stone body is resilient. (AC +8)
You are immune to poison.
You resist negative energy. (rN+)
You are resistant to electric shocks. (rElec)
You are resistant to unholy torment.
You are immune to petrification.


Message History

The acid dragon spits acid at you. The splash of acid hits you!
The acid corrodes you!
A killer bee comes into view.
Found a trident.
The killer bee buzzes angrily.
A centaur comes into view. It is wielding a +0 trident.
The blast of sand hits the acid dragon!!
The acid dragon is almost dead.
A killer bee comes into view.
The acid dragon spits acid at you. The splash of acid hits you!
You hear an angry buzzing noise.
The blast of sand misses the killer bee.
The killer bee barely misses you. The killer bee closely misses you.
The killer bee stings you.
The acid dragon attacks as you move away!
The acid dragon bites you but does no damage.
The acid dragon closely misses you. The acid dragon spits acid at you.
The splash of acid hits you!!
* * * LOW HITPOINT WARNING * * *
You are too injured to fight recklessly!
Aiming: Sandblast (safe; 1% risk of failure)
Press: ? - help, Q - select action, (/) - cycle Shift-Dir - straight line, f - acid dragon
Aim: an acid dragon (almost dead, catching its breath, 85% to hit)
The blast of sand hits the acid dragon!!
You kill the acid dragon!
Vehumet accepts your kill.
You feel your power returning. The killer bee stings you.
* * * LOW HITPOINT WARNING * * *
The centaur closely misses you. The killer bee stings you.
* * * LOW HITPOINT WARNING * * *
A killer bee comes into view.
Okay, then.
As you read the scroll of teleportation, it crumbles to dust.
You feel strangely unstable. The killer bee stings you.
* * * LOW HITPOINT WARNING * * *
The centaur hits you from afar with a +0 trident!
You die...

#.#.# ###.#.# #...y..
###.....# ### ........#
..# #.....# #.# #..yyc#
#.# # #y# #.# #.#@# #.#
#.#.#######
#####.########..#......#
#...........####.#####.#
...##.#####.# #.#
#).##.# #.# #.#
#..##.#####.####.#
#..##.#..........#
#..##.#.###.#######


You could see a centaur and 3 killer bees.

Vanquished Creatures
  2 two-headed ogres
  A tengu warrior (D:8)
  Maurice (D:8)
  A gargoyle (D:10)
  A kobold demonologist (D:9)
  A komodo dragon (D:11)
  A merfolk (D:9)
  2 shadows
  A wraith (D:10)
  7 yaks
  2 steam dragons
  2 acid dragons
  3 water moccasins
  An ice beast (D:6)
  2 ogres
  13 centaurs
  2 phantoms
  2 kobold brigands
  6 bullfrogs
  A scorpion (D:6)
  9 wights
  2 troll zombies (D:10)
  7 killer bees
  7 orc priests
  2 hounds
  3 sleepcaps
  A gnoll bouda (D:8)
  3 orc wizards
  5 ogre zombies (D:10)
  12 adders
  7 gnolls
  A river rat (D:5)
  2 shadow imps (D:6)
  2 white imps (D:8)
  3 dart slugs
  34 orcs
  3 bats
  8 endoplasms
  6 giant cockroaches
  13 goblins
  6 hobgoblins
  7 jackals
  22 kobolds
  3 quokkas
  8 ball pythons
  8 frilled lizards
  A goblin skeleton (D:10)
  3 goblin zombies (D:10)
  2 hobgoblin skeletons (D:10)
  3 hobgoblin zombies (D:10)
  3 orc skeletons (D:10)
  10 orc zombies (D:10)
  5 rats
263 creatures vanquished.

Notes
Turn   | Place    | Note
-------+----------+-------------------------------------------
     0 | D:1      | cheesebisquit the Gargoyle Earth Elementalist began the
                  | quest for the Orb.
     0 | D:1      | Reached XP level 1. HP: 10/10 MP: 3/3
   131 | D:1      | Reached XP level 2. HP: 16/16 MP: 3/5
   456 | D:1      | Reached skill level 1 in Armour
   467 | D:1      | Reached skill level 1 in Fighting
   537 | D:1      | Reached XP level 3. HP: 20/20 MP: 4/6
   656 | D:1      | Reached skill level 4 in Earth Magic
  1182 | D:2      | Reached XP level 4. HP: 25/25 MP: 2/7
  1385 | D:2      | Learned a level 3 spell: Stone Arrow
  3157 | D:4      | Reached XP level 5. HP: 30/30 MP: 5/8
  3158 | D:4      | Reached skill level 1 in Conjurations
  3288 | D:4      | Noticed a phantom
  3297 | D:4      | Killed a phantom
  3298 | D:4      | Reached skill level 1 in Short Blades
  3298 | D:4      | Reached skill level 1 in Evocations
  3502 | D:4      | Reached skill level 1 in Throwing
  3502 | D:4      | Reached XP level 6. HP: 34/35 MP: 3/9
  3925 | D:4      | Reached skill level 5 in Earth Magic
  4118 | D:5      | Entered Level 5 of the Dungeon
  4375 | D:5      | Identified the +1 pair of gloves of Muleoschu {rPois}
  4420 | D:5      | Noticed Edmund
  4563 | D:5      | Reached XP level 7. HP: 16/40 MP: 4/10
  4746 | D:5      | Found a staircase to the Ecumenical Temple.
  4759 | Temple   | Entered the Ecumenical Temple
  4926 | Temple   | Became a worshipper of Vehumet
  5255 | D:5      | Reached skill level 6 in Earth Magic
  5790 | D:6      | Reached skill level 7 in Earth Magic
  5790 | D:6      | Reached XP level 8. HP: 41/44 MP: 6/11
  5892 | D:6      | Reached skill level 5 in Conjurations
  6167 | D:6      | Reached skill level 8 in Earth Magic
  6426 | D:7      | Found Gump's Overcharged Wands.
  6648 | D:7      | Reached skill level 9 in Earth Magic
  6881 | D:7      | Reached skill level 10 in Earth Magic
  7033 | D:7      | Reached * piety under Vehumet
  7033 | D:7      | Offered knowledge of Kiss of Death by Vehumet.
  7040 | D:7      | Reached XP level 9. HP: 48/48 MP: 1/12
  7142 | D:7      | Reached skill level 1 in Maces & Flails
  7348 | D:7      | Found a basalt altar of Yredelemnul.
  7408 | D:7      | Reached skill level 11 in Earth Magic
  7722 | D:8      | Noticed a tengu warrior
  7728 | D:8      | Killed a tengu warrior
  7729 | D:8      | Reached skill level 13 in Earth Magic
  7807 | D:8      | Noticed Maurice
  8134 | D:8      | Noticed a two-headed ogre
  8140 | D:8      | Killed a two-headed ogre
  8141 | D:8      | Reached XP level 10. HP: 48/56 MP: 13/13
  8195 | D:8      | Offered knowledge of Magic Dart by Vehumet.
  8199 | D:8      | Reached ** piety under Vehumet
  8487 | D:8      | Killed Maurice
  8488 | D:8      | Reached skill level 1 in Axes
  8947 | D:9      | Reached skill level 5 in Fighting
  9270 | D:9      | Noticed a kobold demonologist
  9276 | D:9      | Killed a kobold demonologist
  9277 | D:9      | Reached skill level 14 in Earth Magic
  9471 | D:9      | Noticed a two-headed ogre
  9476 | D:9      | Killed a two-headed ogre
  9512 | D:9      | Reached skill level 5 in Dodging
  9585 | D:9      | Reached XP level 11. HP: 54/64 MP: 4/14
  9976 | D:10     | Entered Level 10 of the Dungeon
  9976 | D:10     | Found Uziczuph's Book Shop.
 10205 | D:10     | Found Bypp's Antique Weapon Shoppe.
 10227 | D:10     | Found Gobiev's Weapon Emporium.
 10262 | D:10     | Found a staircase to the Lair.
 10714 | D:10     | Found an ancient bone altar of Kikubaaqudgha.
 10714 | D:10     | Found a shadowy altar of Dithmenos.
 10722 | D:10     | Found an ornate altar of the Wu Jian Council.
 10724 | D:10     | Found a bloodstained altar of Trog.
 10726 | D:10     | Found a broken altar of Ashenzari.
 10777 | D:10     | Found Jeprul's Weapon Boutique.
 10784 | D:10     | Bought the +4 broad axe of Dishonesty {protect, Contam
                  | +Blink Will+ Int+4} for 660 gold pieces
 11204 | D:10     | Offered knowledge of Scorch by Vehumet.
 11209 | D:10     | Found a staircase to the Orcish Mines.
 11221 | D:10     | Reached *** piety under Vehumet
 11587 | D:10     | Offered knowledge of Mephitic Cloud by Vehumet.
 11626 | D:10     | HP: 3/67 [gargoyle/+0 mace (17)]
 12339 | D:11     | Slain by a centaur

Illustrated notes

Levels and vault maps discovered:
D:1:      denvon_arrival_planthouse, layout_loops_cross
D:2:      minmay_spotlight, layout_basic, kennysheep_generic_room_8
D:3:      layout_basic
D:4:      layout_basic, minmay_misc_feat_pillars
D:5:      layout_loops_ring, minmay_temple_entry_proselytizer,
          gup_sewer_entry_spiral, uniq_edmund
D:6:      layout_basic, grunt_decor_cap
D:7:      nicolae_cairo_tiling_large, layout_basic,
          lemuel_coloured_pillars_altar, minmay_misc_feat_four_crosses,
          nicolae_shop_overcharged_wands
D:8:      layout_loops_cross, uniq_maurice
D:9:      layout_irregular_city, hangedman_fish_farm
D:10:     layout_stronghold, chequers_temple_overflow_minitemple,
          lair_entry_dummy, zombieorc2_lemuel, serial_shops,
          nicolae_shop_hallway_stairs, nicolae_shop_bloodbath_and_beyond,
          nicolae_shop_hallway_plus, nicolae_shop_tiny_waterfront
D:11:     layout_loops_ring
Temple:   eino_temple_scatter_basement

Skill      XL: |  1  2  3  4  5  6  7  8  9 10 11 |
---------------+----------------------------------+-----
Armour         | 1 2 |  2.0
Fighting       | 1 2 4 6 7 |  7.3
Earth Magic    | 4 5 7 10 13 14 | 14.9
Dodging        | 2 3 5 |  5.8
Stealth        | 3 |  3.0
Conjurations   | 1 2 4 5 |  5.0
Short Blades   | 1 2 |  2.0
Evocations     | 1 2 |  2.0
Throwing       | 1 2 |  2.0
Maces & Flails | 1 |  1.6
Axes           | 1 2 |  2.4
Spellcasting   | |  2.0
Transmutations | |  0.7

Action                     |  1- 3 |  4- 6 |  7- 9 | 10-12 || total
---------------------------+-------+-------+-------+-------++-------
  Melee: Unarmed           |     1 |       |       |       ||     1
         Whip              |    16 |       |       |       ||    16
         Dagger            |       |     8 |    21 |       ||    29
         Punch             |       |     1 |       |     1 ||     2
         Short sword       |       |       |     1 |       ||     1
         Hand axe          |       |       |       |    10 ||    10
         Broad axe         |       |       |       |    11 ||    11
   Cast: Sandblast         |    51 |   120 |   160 |   178 ||   509
         Stone Arrow       |       |       |     3 |     6 ||     9
    Use: Scroll            |       |    10 |     2 |     7 ||    19
         Potion            |       |     3 |     4 |     3 ||    10
 Armour: Robe              |     3 |    19 |    43 |    54 ||   119
  Dodge: Dodged            |    22 |    42 |    84 |    87 ||   235
